Bruins vs Oilers
Created - 7 avril 2015 at 19:48
Goals
|
| Bruins |
0 |
1 |
1 |
2 |
| Oilers |
2 |
1 |
1 |
4 |
|
Shots
|
| Bruins |
9 |
10 |
6 |
25 |
| Oilers |
8 |
19 |
8 |
35 |
|
1st period
1. Oilers , Jonathan Toews 31 (Ilya Kovalchuk, Patrick Kaleta) at 8:05
2. Oilers , Ilya Kovalchuk 51 (Jonathan Toews, Patrick Kaleta) at 16:42
Penalties :
Sydney Crosby (Bos) for Roughing (Minor) at 11:39, Ryan O'Byrne (Bos) for Holding (Minor) at 14:39, Matt Hendricks (Bos) for Cross-checking (Minor) at 19:00
2nd period
3. Oilers , Patrick Kane 49 (Steve Staios) at 3:18 (PP)
4. Bruins , Victor Oreskovich 12 (Andrei Markov) at 3:48
Penalties :
Christoph Schubert (Bos) for Slashing (Minor) at 2:55, Rob Scuderi (Edm) for Holding Stick (Minor) at 5:14, Tom Gilbert (Bos) for Hooking (Minor) at 15:00, Adam Burish (Edm) for Holding (Minor) at 17:08
3rd period
5. Bruins , Wojtek Wolski 48 (Sydney Crosby) at 3:20
6. Oilers , Steve Staios 2 (Ilya Kovalchuk, Patrick Kaleta) at 14:15 (PP)
Penalties :
Sydney Crosby (Bos) for Goalie Interference (Minor) at 0:21, Wojtek Wolski (Bos) for Roughing (Minor) at 0:41, Christian Ehrhoff (Edm) for Hooking (Minor) at 3:48, Pavel Datsyuk (Edm) for Hooking (Minor) at 8:32, Jason Demers (Bos) for Hooking (Minor) at 9:39, Tomas Fleischmann (Edm) for Holding (Minor) at 11:39, Andrei Markov (Bos) for Hooking (Minor) at 14:01, Dainius Zubrus (Bos) for Hooking (Minor) at 16:57
Goalie Stats
Nikolai Khabibulin (Bos), 31 saves from 35 shots - (0,886), L, 3-7-3, 60:00 minutes
Cam Ward (Edm), 23 saves from 25 shots - (0,920), W, 32-26-5, 60:00 minutes
Players Stats for Bruins
Player Name G A P +/- PIM S H SB GA TA FO MP PP MP PK MP
------------------------------------------------------------------------------------
Andrei Markov 0 1 1 0 2 1 1 0 0 0 0/0 29:27 5:25 8:50
Christoph Schubert 0 0 0 1 2 0 1 0 0 0 0/0 10:09 0:00 0:16
Dainius Zubrus 0 0 0 -1 2 0 1 0 0 0 0/1 8:54 0:00 2:06
Dave Bolland 0 0 0 -1 0 0 2 0 2 0 0/6 11:11 4:12 1:06
Eric Lindros 0 0 0 1 0 1 1 0 0 0 4/10 18:17 0:00 8:24
Jason Demers 0 0 0 -1 2 0 1 2 0 0 0/0 19:54 3:37 4:25
Mark Stuart 0 0 0 -1 0 1 0 1 0 0 0/0 21:02 3:38 5:08
Martin Erat 0 0 0 0 0 1 1 0 1 0 0/0 7:37 0:00 0:00
Matt Cooke 0 0 0 0 0 2 1 0 0 0 0/0 9:14 0:00 0:53
Matt Hendricks 0 0 0 0 2 0 0 0 0 0 1/3 7:20 0:00 0:00
Ryan O'Byrne 0 0 0 0 2 3 0 0 0 0 0/0 27:52 5:25 7:15
Scottie Upshall 0 0 0 -2 0 1 0 0 1 0 0/1 13:28 4:12 3:21
Sydney Crosby 0 1 1 0 4 4 2 0 1 1 10/27 21:06 4:51 2:54
Tom Gilbert 0 0 0 0 2 1 0 0 0 0 0/0 11:40 0:00 2:02
Victor Oreskovich 1 0 1 1 0 2 2 0 1 0 0/0 13:33 4:12 0:00
Viktor Stalberg 0 0 0 1 0 1 0 0 1 0 1/1 10:15 0:00 0:00
Vitali Yachmenev 0 0 0 1 0 1 1 0 0 1 0/0 17:33 4:51 0:00
Wojtek Wolski 1 0 1 1 2 6 5 0 0 1 9/20 24:49 4:51 7:32
Players Stats for Oilers
Player Name G A P +/- PIM S H SB GA TA FO MP PP MP PK MP
------------------------------------------------------------------------------------
Adam Burish 0 0 0 0 2 2 0 0 0 0 0/0 11:34 0:24 3:35
Christian Ehrhoff 0 0 0 -2 2 2 0 1 0 1 0/0 23:36 7:31 3:52
Derek Morris 0 0 0 0 0 0 0 0 0 0 0/0 10:01 0:00 1:01
Eric Nystrom 0 0 0 0 0 3 2 0 0 0 0/0 8:55 0:24 0:45
Ian White 0 0 0 2 0 2 1 0 0 1 0/0 26:25 6:27 3:55
Ilya Kovalchuk 1 2 3 1 0 5 0 0 0 0 2/2 19:56 6:27 1:26
Jonathan Toews 1 1 2 1 0 5 1 0 0 0 12/18 18:45 6:32 0:12
Lubos Bartecko 0 0 0 -1 0 2 1 0 0 0 0/0 5:01 0:00 0:00
Olli Jokinen 0 0 0 0 0 0 2 0 0 0 2/2 7:10 0:00 0:00
Patrick Kaleta 0 3 3 1 0 0 1 0 0 1 0/0 17:25 6:27 0:00
Patrick Kane 1 0 1 0 0 5 1 1 2 0 4/5 20:00 7:01 0:00
Pavel Datsyuk 0 0 0 0 2 4 3 1 0 2 14/26 22:58 7:07 3:44
Peter Regin 0 0 0 -1 0 0 0 0 0 1 8/12 9:59 0:41 4:16
Rob Scuderi 0 0 0 -2 2 0 0 1 0 0 0/0 15:04 0:00 4:00
Scott Niedermayer 0 0 0 2 0 2 1 1 0 0 0/0 25:58 6:27 3:46
Steve Begin 0 0 0 -1 0 1 0 0 1 1 0/0 9:09 0:00 4:08
Steve Staios 1 1 2 0 0 1 1 1 0 0 0/0 18:57 7:31 1:32
Tomas Fleischmann 0 0 0 0 2 1 0 0 0 0 2/4 19:07 6:51 0:00
3 Stars
1 - Ilya Kovalchuk (Edm)
2 - Jonathan Toews (Edm)
3 - Patrick Kaleta (Edm)
Power Play
Bruins - 0 on 5 Attempt(s) - 0,00%
Oilers - 2 on 10 Attempt(s) - 20,00%
Penalty Kill
Bruins - 8 on 10 Attempt(s) - 80,00%
- Score 0 goal in Penalty Kill
Oilers - 5 on 5 Attempt(s) - 100,00%
- Score 0 goal in Penalty Kill
Team Stat
Bruins - Hits : 19 - Faceoff Wins : 25 - Blocked Shots : 3 - Penalty Minutes : 20
Oilers - Hits : 14 - Faceoff Wins : 44 - Blocked Shots : 6 - Penalty Minutes : 10
Official
Referees : Fraser Kerry and L'Ecuyer Frederick
Linesman : Vaughan Rody and Derek Amell
Game Notes
8:27 of 2nd period - Oilers goal is going for a video replay. After video review, No Goal. The puck has been kicked using a distinct kicking motion.
Finance
Level 1 -- Attendance: 5337 (88,95%) -- Ticket Income 464 319 $
Level 2 -- Attendance: 4260 (85,20%) -- Ticket Income 225 780 $
Level 3 -- Attendance: 1593 (79,65%) -- Ticket Income 50 976 $
Level 4 -- Attendance: 3141 (78,53%) -- Ticket Income 65 961 $
Luxury Box -- Attendance: 1000 (100,00%) -- Ticket Income 162 000 $
Game was played at the Rexall Place'
Total Attendance: 15331 (85,17%)
Total Ticket Income: 969 036 $
Other Income: 145 355 $
Total Income: 1 114 391 $
Bruins
5 vs 5 Forward
Center Left Wing Right Wing Time % Phy DF OF
1 Sydney Crosby Wojtek Wolski Vitali Yachmenev 40 1 2 2
2 Eric Lindros Viktor Stalberg Victor Oreskovich 30 1 2 2
3 Dave Bolland Scottie Upshall Dainius Zubrus 20 1 2 2
4 Matt Hendricks Matt Cooke Martin Erat 10 1 2 2
5 vs 5 Defense
Defense Defense Time % Phy DF OF
1 Ryan O'Byrne Andrei Markov 40 1 2 2
2 Mark Stuart Jason Demers 30 1 2 2
3 Christoph Schubert Tom Gilbert 20 1 2 2
4 Ryan O'Byrne Andrei Markov 10 1 2 2
PowerPlay Forward
Center Left Wing Right Wing Time % Phy DF OF
1 Sydney Crosby Wojtek Wolski Vitali Yachmenev 60 1 2 2
2 Dave Bolland Scottie Upshall Victor Oreskovich 40 1 2 2
PowerPlay Defense
Defense Defense Time % Phy DF OF
1 Ryan O'Byrne Andrei Markov 60 1 2 2
2 Mark Stuart Jason Demers 40 1 2 2
Penalty Kill 4 Players Forward
Center Wing Time % Phy DF OF
1 Wojtek Wolski Eric Lindros 60 1 2 2
2 Sydney Crosby Scottie Upshall 40 1 2 2
Penalty Kill 4 Players Defense
Defense Defense Time % Phy DF OF
1 Ryan O'Byrne Andrei Markov 60 1 2 2
2 Mark Stuart Jason Demers 40 1 2 2
Penalty Kill - 3 Players Forward
Forward Time % Phy DF OF
1 Wojtek Wolski 60 1 2 2
2 Eric Lindros 40 1 2 2
Penalty Kill - 3 Players Defense
Defense Defense Time % Phy DF OF
1 Ryan O'Byrne Andrei Markov 60 1 2 2
2 Mark Stuart Jason Demers 40 1 2 2
4 vs 4 Forward
Center Wing Time % Phy DF OF
1 Sydney Crosby Victor Oreskovich 60 1 2 2
2 Sydney Crosby Viktor Stalberg 40 1 2 2
4 vs 4 Defense
Defense Defense Time % Phy DF OF
1 Ryan O'Byrne Andrei Markov 60 1 2 2
2 Mark Stuart Jason Demers 40 1 2 2
Last Minutes Offensive
Center Left Wing Right Wing Defense Defense
Eric Lindros Wojtek Wolski Vitali Yachmenev Ryan O'Byrne Andrei Markov
Last Minutes Defensive
Center Left Wing Right Wing Defense Defense
Eric Lindros Wojtek Wolski Vitali Yachmenev Ryan O'Byrne Andrei Markov
Goaltenders
Starting : Nikolai Khabibulin
Backup : Karri Ramo
Extra Forwards
Normal : Matt Cooke, Viktor Stalberg, Dainius Zubrus - PP : Matt Cooke, Viktor Stalberg - PK : Dainius Zubrus
Extra Defensemen
Normal : Christoph Schubert, Tom Gilbert, Mark Stuart - PP : Christoph Schubert - PK : Tom Gilbert, Mark Stuart
Penalty Shots
Wojtek Wolski, Eric Lindros, Sydney Crosby, Scottie Upshall, Matt Cooke
Oilers
5 vs 5 Forward
Center Left Wing Right Wing Time % Phy DF OF
1 Pavel Datsyuk Tomas Fleischmann Patrick Kane 40 0 2 3
2 Jonathan Toews Ilya Kovalchuk Patrick Kaleta 37 1 2 2
3 Olli Jokinen Eric Nystrom Adam Burish 15 1 2 2
4 Peter Regin Steve Begin Lubos Bartecko 8 1 2 2
5 vs 5 Defense
Defense Defense Time % Phy DF OF
1 Ian White Scott Niedermayer 40 1 2 2
2 Christian Ehrhoff Rob Scuderi 30 1 2 2
3 Steve Staios Derek Morris 24 1 2 2
4 Christian Ehrhoff Steve Staios 6 1 2 2
PowerPlay Forward
Center Left Wing Right Wing Time % Phy DF OF
1 Pavel Datsyuk Tomas Fleischmann Patrick Kane 50 0 2 3
2 Jonathan Toews Ilya Kovalchuk Patrick Kaleta 50 0 2 3
PowerPlay Defense
Defense Defense Time % Phy DF OF
1 Ian White Scott Niedermayer 50 1 2 2
2 Christian Ehrhoff Steve Staios 50 1 2 2
Penalty Kill 4 Players Forward
Center Wing Time % Phy DF OF
1 Pavel Datsyuk Adam Burish 50 1 3 1
2 Peter Regin Steve Begin 50 1 3 1
Penalty Kill 4 Players Defense
Defense Defense Time % Phy DF OF
1 Ian White Scott Niedermayer 50 1 3 1
2 Christian Ehrhoff Rob Scuderi 50 1 3 1
Penalty Kill - 3 Players Forward
Forward Time % Phy DF OF
1 Pavel Datsyuk 50 1 4 0
2 Jonathan Toews 50 1 4 0
Penalty Kill - 3 Players Defense
Defense Defense Time % Phy DF OF
1 Ian White Scott Niedermayer 50 1 4 0
2 Christian Ehrhoff Rob Scuderi 50 1 4 0
4 vs 4 Forward
Center Wing Time % Phy DF OF
1 Pavel Datsyuk Patrick Kane 50 1 2 2
2 Jonathan Toews Ilya Kovalchuk 50 1 2 2
4 vs 4 Defense
Defense Defense Time % Phy DF OF
1 Ian White Scott Niedermayer 50 1 2 2
2 Christian Ehrhoff Rob Scuderi 50 1 2 2
Last Minutes Offensive
Center Left Wing Right Wing Defense Defense
Pavel Datsyuk Ilya Kovalchuk Patrick Kane Ian White Scott Niedermayer
Last Minutes Defensive
Center Left Wing Right Wing Defense Defense
Pavel Datsyuk Ilya Kovalchuk Patrick Kane Ian White Rob Scuderi
Goaltenders
Starting : Cam Ward
Backup : Sebastien Caron
Extra Forwards
Normal : Ilya Kovalchuk, Pavel Datsyuk, Patrick Kane - PP : Patrick Kaleta, Peter Regin - PK : Ilya Kovalchuk
Extra Defensemen
Normal : Christian Ehrhoff, Steve Staios, Ian White - PP : Rob Scuderi - PK : Steve Staios, Derek Morris
Penalty Shots
Ilya Kovalchuk, Patrick Kane, Pavel Datsyuk, Jonathan Toews, Olli Jokinen
% Time on Ice - Bruins
Lines # - Real PCT - Wanted PCT - Time Play
Normal Forward
1 - 37% - 40% - 13:11
2 - 28% - 30% - 9:58
3 - 16% - 20% - 5:37
4 - 20% - 10% - 7:21
Normal Defense
1 - 38% - 40% - 13:40
2 - 33% - 30% - 11:52
3 - 26% - 20% - 9:30
4 - 3% - 10% - 1:05
PP Forward
1 - 54% - 60% - 4:51
2 - 46% - 40% - 4:12
PP Defense
1 - 60% - 60% - 5:25
2 - 40% - 40% - 3:38
PK Forward
1 - 73% - 60% - 8:58
2 - 27% - 40% - 3:21
PK Defense
1 - 63% - 60% - 7:48
2 - 37% - 40% - 4:31
PK3 Forward
1 - 100% - 60% - 1:39
2 - 0% - 40% - 0:00
PK3 Defense
1 - 63% - 60% - 1:02
2 - 37% - 40% - 0:37
44 Forward
1 - 100% - 60% - 0:52
2 - 0% - 40% - 0:00
44 Defense
1 - 54% - 60% - 0:28
2 - 46% - 40% - 0:24
Last Minute Offensive - 0:00
Last Minute Defensive - 0:00
Total
Forward - 60:00
Defense - 60:00
|
% Time on Ice - Oilers
Lines # - Real PCT - Wanted PCT - Time Play
Normal Forward
1 - 36% - 40% - 12:58
2 - 30% - 37% - 10:58
3 - 20% - 15% - 7:10
4 - 14% - 8% - 5:01
Normal Defense
1 - 43% - 40% - 15:24
2 - 30% - 30% - 10:49
3 - 21% - 24% - 7:41
4 - 6% - 6% - 2:13
PP Forward
1 - 51% - 50% - 7:07
2 - 49% - 50% - 6:51
PP Defense
1 - 46% - 50% - 6:27
2 - 54% - 50% - 7:31
PK Forward
1 - 53% - 50% - 4:47
2 - 47% - 50% - 4:16
PK Defense
1 - 42% - 50% - 3:46
2 - 58% - 50% - 5:17
PK3 Forward
1 - 0% - 50%
2 - 0% - 50%
PK3 Defense
1 - 0% - 50%
2 - 0% - 50%
44 Forward
1 - 73% - 50% - 0:38
2 - 27% - 50% - 0:14
44 Defense
1 - 40% - 50% - 0:21
2 - 60% - 50% - 0:31
Last Minute Offensive - 0:00
Last Minute Defensive - 0:00
Total
Forward - 60:00
Defense - 60:00
|
Play by Play
1st period
0:01 of 1st period - Tomas Fleischmann wins face-off versus Sydney Crosby in neutral zone.
0:44 of 1st period - Icing by Andrei Markov.
0:45 of 1st period - Olli Jokinen wins face-off versus Dave Bolland in Bruins zone.
0:56 of 1st period - Slapshot by Eric Nystrom.
0:56 of 1st period - Stopped by Nikolai Khabibulin with a rebound.
1:16 of 1st period - Snap shot by Eric Nystrom.
1:16 of 1st period - Shot Misses the Net.
2:07 of 1st period - Icing by Mark Stuart.
2:08 of 1st period - Sydney Crosby wins face-off versus Pavel Datsyuk in Bruins zone.
2:08 of 1st period - Sydney Crosby is hit by Pavel Datsyuk.
3:06 of 1st period - Snap shot by Pavel Datsyuk.
3:06 of 1st period - Deflect By Patrick Kane.
3:06 of 1st period - Shot Misses the Net.
3:06 of 1st period - Puck is out of play.
3:07 of 1st period - Jonathan Toews wins face-off versus Eric Lindros in Bruins zone.
3:32 of 1st period - Steve Begin is hit by Dainius Zubrus.
4:00 of 1st period - Rob Scuderi is hit by Matt Cooke and loses puck.
4:15 of 1st period - Snap shot by Eric Nystrom.
4:15 of 1st period - Stopped by Nikolai Khabibulin with a rebound.
4:49 of 1st period - Wrist shot by Victor Oreskovich.
4:49 of 1st period - Stopped by Cam Ward with a rebound.
5:01 of 1st period - Lubos Bartecko is hit by Dave Bolland and loses puck.
6:36 of 1st period - Off-side.
6:37 of 1st period - Peter Regin wins face-off versus Eric Lindros in neutral zone.
6:42 of 1st period - Peter Regin is hit by Victor Oreskovich and loses puck.
7:00 of 1st period - Ilya Kovalchuk is hit by Sydney Crosby.
7:18 of 1st period - Snap shot by Matt Cooke.
7:18 of 1st period - Stopped by Cam Ward with a rebound.
8:03 of 1st period - Snap shot by Ilya Kovalchuk.
8:03 of 1st period - Shot Misses the Net.
8:05 of 1st period - Wrist shot by Jonathan Toews.
8:05 of 1st period - Goal by Jonathan Toews - Bruins : 0 - Oilers : 1.
8:06 of 1st period - Pavel Datsyuk wins face-off versus Sydney Crosby in neutral zone.
8:09 of 1st period - Snap shot by Patrick Kane.
8:09 of 1st period - Shot Misses the Net.
8:20 of 1st period - Off-side.
8:21 of 1st period - Eric Lindros wins face-off versus Jonathan Toews in neutral zone.
8:32 of 1st period - Snap shot by Jonathan Toews.
8:32 of 1st period - Stopped by Nikolai Khabibulin with a rebound.
8:34 of 1st period - Snap shot by Christian Ehrhoff.
8:34 of 1st period - Shot Misses the Net.
8:36 of 1st period - Wrist shot by Jonathan Toews.
8:36 of 1st period - Stopped by Nikolai Khabibulin with a rebound.
8:46 of 1st period - Wojtek Wolski is hit by Pavel Datsyuk and loses puck.
9:32 of 1st period - Off-side.
9:33 of 1st period - Jonathan Toews wins face-off versus Matt Hendricks in neutral zone.
10:04 of 1st period - Snap shot by Matt Hendricks.
10:04 of 1st period - Shot Misses the Net.
10:18 of 1st period - Wrist shot by Jonathan Toews.
10:18 of 1st period - Stopped by Nikolai Khabibulin with a rebound.
10:26 of 1st period - Wrist shot by Ilya Kovalchuk.
10:26 of 1st period - Shot Misses the Net.
10:52 of 1st period - Wrist shot by Jonathan Toews.
10:52 of 1st period - Shot Blocked by Jason Demers.
11:02 of 1st period - Wrist shot by Martin Erat.
11:02 of 1st period - Stopped by Cam Ward with a rebound.
11:04 of 1st period - Snap shot by Matt Hendricks.
11:04 of 1st period - Shot Blocked by Scott Niedermayer.
11:06 of 1st period - Wrist shot by Matt Cooke.
11:06 of 1st period - Shot Misses the Net.
11:08 of 1st period - Snap shot by Martin Erat.
11:08 of 1st period - Shot Misses the Net.
11:10 of 1st period - Slapshot by Matt Cooke.
11:10 of 1st period - Stopped by Cam Ward without a rebound.
11:11 of 1st period - Sydney Crosby wins face-off versus Pavel Datsyuk in Oilers zone.
11:14 of 1st period - Wrist shot by Sydney Crosby.
11:14 of 1st period - Stopped by Cam Ward without a rebound.
11:15 of 1st period - Sydney Crosby wins face-off versus Pavel Datsyuk in Oilers zone.
11:39 of 1st period - Minor Penalty to Sydney Crosby for Roughing.
11:40 of 1st period - Wojtek Wolski wins face-off versus Pavel Datsyuk in Bruins zone.
13:20 of 1st period - Slapshot by Christian Ehrhoff.
13:20 of 1st period - Shot Misses the Net.
13:39 of 1st period - Penalty to Sydney Crosby is over, Sydney Crosby is back on ice.
13:48 of 1st period - Slapshot by Lubos Bartecko.
13:48 of 1st period - Shot Misses the Net.
13:58 of 1st period - Mark Stuart is hit by Eric Nystrom.
14:10 of 1st period - Steve Begin is hit by Sydney Crosby and loses puck.
14:25 of 1st period - Dave Bolland is hit by Eric Nystrom and loses puck.
14:39 of 1st period - Minor Penalty to Ryan O'Byrne for Holding.
14:40 of 1st period - Wojtek Wolski wins face-off versus Jonathan Toews in Bruins zone.
14:45 of 1st period - Icing by Scott Niedermayer.
14:46 of 1st period - Jonathan Toews wins face-off versus Wojtek Wolski in Oilers zone.
15:17 of 1st period - Wrist shot by Tomas Fleischmann.
15:17 of 1st period - Stopped by Nikolai Khabibulin with a rebound.
15:19 of 1st period - Slapshot by Scott Niedermayer.
15:19 of 1st period - Deflect By Patrick Kane.
15:19 of 1st period - Shot Misses the Net.
15:19 of 1st period - Puck is out of play.
15:20 of 1st period - Wojtek Wolski wins face-off versus Jonathan Toews in Bruins zone.
15:25 of 1st period - Wrist shot by Wojtek Wolski.
15:25 of 1st period - Stopped by Cam Ward with a rebound.
15:29 of 1st period - Snap shot by Eric Lindros.
15:29 of 1st period - Deflect By Ilya Kovalchuk.
15:29 of 1st period - Shot Blocked by Steve Staios.
15:29 of 1st period - Puck is out of play.
15:30 of 1st period - Jonathan Toews wins face-off versus Wojtek Wolski in Oilers zone.
15:43 of 1st period - Snap shot by Wojtek Wolski.
15:43 of 1st period - Stopped by Cam Ward without a rebound.
15:44 of 1st period - Pavel Datsyuk wins face-off versus Wojtek Wolski in Oilers zone.
16:12 of 1st period - Off-side.
16:13 of 1st period - Sydney Crosby wins face-off versus Jonathan Toews in neutral zone.
16:39 of 1st period - Penalty to Ryan O'Byrne is over, Ryan O'Byrne is back on ice.
16:42 of 1st period - Wrist shot by Ilya Kovalchuk.
16:42 of 1st period - Goal by Ilya Kovalchuk - Bruins : 0 - Oilers : 2.
16:43 of 1st period - Pavel Datsyuk wins face-off versus Sydney Crosby in neutral zone.
16:59 of 1st period - Off-side.
17:00 of 1st period - Jonathan Toews wins face-off versus Eric Lindros in neutral zone.
17:03 of 1st period - Wrist shot by Ilya Kovalchuk.
17:03 of 1st period - Shot Misses the Net.
17:27 of 1st period - Tomas Fleischmann is hit by Wojtek Wolski and loses puck.
17:38 of 1st period - Wrist shot by Sydney Crosby.
17:38 of 1st period - Deflect By Wojtek Wolski.
17:38 of 1st period - Stopped by Cam Ward without a rebound.
17:39 of 1st period - Jonathan Toews wins face-off versus Dave Bolland in Oilers zone.
18:05 of 1st period - Tomas Fleischmann is hit by Wojtek Wolski and loses puck.
18:14 of 1st period - Slapshot by Wojtek Wolski.
18:14 of 1st period - Stopped by Cam Ward with a rebound.
18:51 of 1st period - Steve Begin is hit by Martin Erat.
19:00 of 1st period - Minor Penalty to Matt Hendricks for Cross-checking.
19:01 of 1st period - Pavel Datsyuk wins face-off versus Wojtek Wolski in Bruins zone.
Goals for this period are 0 for Bruins vs 2 for Oilers.
Shots for this period are 9 for Bruins vs 8 for Oilers.
2nd period
0:01 of 2nd period - Pavel Datsyuk wins face-off versus Wojtek Wolski in neutral zone.
0:04 of 2nd period - Snap shot by Scott Niedermayer.
0:04 of 2nd period - Shot Misses the Net.
0:06 of 2nd period - Slapshot by Scott Niedermayer.
0:06 of 2nd period - Stopped by Nikolai Khabibulin without a rebound.
0:07 of 2nd period - Pavel Datsyuk wins face-off versus Wojtek Wolski in Bruins zone.
0:12 of 2nd period - Snap shot by Pavel Datsyuk.
0:12 of 2nd period - Stopped by Nikolai Khabibulin without a rebound.
0:13 of 2nd period - Patrick Kane wins face-off versus Wojtek Wolski in Bruins zone.
1:00 of 2nd period - Penalty to Matt Hendricks is over, Matt Hendricks is back on ice.
1:14 of 2nd period - Wrist shot by Olli Jokinen.
1:14 of 2nd period - Deflect By Eric Nystrom.
1:14 of 2nd period - Stopped by Nikolai Khabibulin with a rebound.
2:14 of 2nd period - Snap shot by Patrick Kane.
2:14 of 2nd period - Deflect By Pavel Datsyuk.
2:14 of 2nd period - Shot Misses the Net.
2:14 of 2nd period - Puck is out of play.
2:15 of 2nd period - Viktor Stalberg wins face-off versus Pavel Datsyuk in Bruins zone.
2:22 of 2nd period - Slapshot by Patrick Kane.
2:22 of 2nd period - Shot Misses the Net.
2:47 of 2nd period - Snap shot by Ilya Kovalchuk.
2:47 of 2nd period - Stopped by Nikolai Khabibulin with a rebound.
2:49 of 2nd period - Snap shot by Ian White.
2:49 of 2nd period - Stopped by Nikolai Khabibulin with a rebound.
2:55 of 2nd period - Minor Penalty to Christoph Schubert for Slashing.
2:56 of 2nd period - Wojtek Wolski wins face-off versus Tomas Fleischmann in Bruins zone.
3:04 of 2nd period - Off-side.
3:05 of 2nd period - Wojtek Wolski wins face-off versus Pavel Datsyuk in neutral zone.
3:10 of 2nd period - Slapshot by Eric Lindros.
3:10 of 2nd period - Shot Blocked by Christian Ehrhoff.
3:18 of 2nd period - Snap shot by Patrick Kane.
3:18 of 2nd period - Goal by Patrick Kane - Bruins : 0 - Oilers : 3.
3:19 of 2nd period - Pavel Datsyuk wins face-off versus Sydney Crosby in neutral zone.
3:22 of 2nd period - Slapshot by Christian Ehrhoff.
3:22 of 2nd period - Stopped by Nikolai Khabibulin without a rebound.
3:23 of 2nd period - Pavel Datsyuk wins face-off versus Sydney Crosby in Bruins zone.
3:36 of 2nd period - Snap shot by Pavel Datsyuk.
3:36 of 2nd period - Stopped by Nikolai Khabibulin with a rebound.
3:48 of 2nd period - Wrist shot by Victor Oreskovich.
3:48 of 2nd period - Goal by Victor Oreskovich - Bruins : 1 - Oilers : 3.
3:49 of 2nd period - Sydney Crosby wins face-off versus Pavel Datsyuk in neutral zone.
3:54 of 2nd period - Wrist shot by Sydney Crosby.
3:54 of 2nd period - Stopped by Cam Ward with a rebound.
3:56 of 2nd period - Slapshot by Ryan O'Byrne.
3:56 of 2nd period - Stopped by Cam Ward without a rebound.
3:57 of 2nd period - Wojtek Wolski wins face-off versus Pavel Datsyuk in Oilers zone.
4:08 of 2nd period - Snap shot by Sydney Crosby.
4:08 of 2nd period - Shot Blocked by Patrick Kane.
4:10 of 2nd period - Snap shot by Vitali Yachmenev.
4:10 of 2nd period - Stopped by Cam Ward with a rebound.
4:42 of 2nd period - Scottie Upshall is hit by Olli Jokinen and loses puck.
4:47 of 2nd period - Snap shot by Eric Nystrom.
4:47 of 2nd period - Shot Misses the Net.
5:07 of 2nd period - Snap shot by Sydney Crosby.
5:07 of 2nd period - Stopped by Cam Ward with a rebound.
5:09 of 2nd period - Slapshot by Vitali Yachmenev.
5:09 of 2nd period - Shot Blocked by Rob Scuderi.
5:11 of 2nd period - Wrist shot by Mark Stuart.
5:11 of 2nd period - Stopped by Cam Ward without a rebound.
5:12 of 2nd period - Patrick Kane wins face-off versus Eric Lindros in Oilers zone.
5:14 of 2nd period - Minor Penalty to Rob Scuderi for Holding Stick.
5:15 of 2nd period - Pavel Datsyuk wins face-off versus Sydney Crosby in Oilers zone.
7:14 of 2nd period - Penalty to Rob Scuderi is over, Rob Scuderi is back on ice.
7:22 of 2nd period - Wrist shot by Patrick Kaleta.
7:22 of 2nd period - Deflect By Jonathan Toews.
7:22 of 2nd period - Stopped by Nikolai Khabibulin with a rebound.
7:24 of 2nd period - Slapshot by Jonathan Toews.
7:24 of 2nd period - Shot Misses the Net.
8:21 of 2nd period - Wrist shot by Lubos Bartecko.
8:21 of 2nd period - Stopped by Nikolai Khabibulin without a rebound.
8:22 of 2nd period - Peter Regin wins face-off versus Matt Hendricks in Bruins zone.
8:23 of 2nd period - Snap shot by Lubos Bartecko.
8:23 of 2nd period - Stopped by Nikolai Khabibulin with a rebound.
8:25 of 2nd period - Snap shot by Steve Begin.
8:25 of 2nd period - Shot Blocked by Jason Demers.
8:27 of 2nd period - Slapshot by Steve Begin.
8:27 of 2nd period - Oilers goal is going for a video replay.
8:27 of 2nd period - The goal is refused. The puck has been kicked using a distinct kicking motion..
8:28 of 2nd period - Peter Regin wins face-off versus Sydney Crosby in Bruins zone.
8:43 of 2nd period - Snap shot by Peter Regin.
8:43 of 2nd period - Shot Blocked by Mark Stuart.
8:45 of 2nd period - Backhand shot by Peter Regin.
8:45 of 2nd period - Shot Misses the Net.
8:47 of 2nd period - Wrist shot by Ian White.
8:47 of 2nd period - Stopped by Nikolai Khabibulin with a rebound.
8:49 of 2nd period - Slapshot by Scott Niedermayer.
8:49 of 2nd period - Deflect By Sydney Crosby.
8:49 of 2nd period - Stopped by Nikolai Khabibulin without a rebound.
8:50 of 2nd period - Pavel Datsyuk wins face-off versus Eric Lindros in Bruins zone.
9:15 of 2nd period - Viktor Stalberg is hit by Olli Jokinen and loses puck.
9:25 of 2nd period - Off-side.
9:26 of 2nd period - Pavel Datsyuk wins face-off versus Sydney Crosby in neutral zone.
9:35 of 2nd period - Wrist shot by Pavel Datsyuk.
9:35 of 2nd period - Stopped by Nikolai Khabibulin without a rebound.
9:36 of 2nd period - Sydney Crosby wins face-off versus Patrick Kane in Bruins zone.
9:55 of 2nd period - Pavel Datsyuk is hit by Wojtek Wolski and loses puck.
10:24 of 2nd period - Wrist shot by Pavel Datsyuk.
10:24 of 2nd period - Stopped by Nikolai Khabibulin without a rebound.
10:25 of 2nd period - Jonathan Toews wins face-off versus Eric Lindros in Bruins zone.
10:47 of 2nd period - Icing by Victor Oreskovich.
10:48 of 2nd period - Olli Jokinen wins face-off versus Scottie Upshall in Bruins zone.
10:49 of 2nd period - Snap shot by Adam Burish.
10:49 of 2nd period - Stopped by Nikolai Khabibulin with a rebound.
11:32 of 2nd period - Pavel Datsyuk is hit by Vitali Yachmenev and loses puck.
11:53 of 2nd period - Jason Demers is hit by Lubos Bartecko and loses puck.
12:39 of 2nd period - Slapshot by Scott Niedermayer.
12:39 of 2nd period - Shot Hit the Post.
12:58 of 2nd period - Snap shot by Viktor Stalberg.
12:58 of 2nd period - Deflect By Eric Lindros.
12:58 of 2nd period - Shot Misses the Net.
12:58 of 2nd period - Puck is out of play.
12:59 of 2nd period - Eric Lindros wins face-off versus Pavel Datsyuk in Oilers zone.
13:00 of 2nd period - Backhand shot by Viktor Stalberg.
13:00 of 2nd period - Stopped by Cam Ward without a rebound.
13:01 of 2nd period - Eric Lindros wins face-off versus Pavel Datsyuk in Oilers zone.
13:26 of 2nd period - Jonathan Toews is hit by Christoph Schubert and loses puck.
13:39 of 2nd period - Wrist shot by Sydney Crosby.
13:39 of 2nd period - Stopped by Cam Ward without a rebound.
13:40 of 2nd period - Pavel Datsyuk wins face-off versus Dave Bolland in Oilers zone.
13:45 of 2nd period - Wrist shot by Scottie Upshall.
13:45 of 2nd period - Shot Misses the Net.
13:54 of 2nd period - Snap shot by Scottie Upshall.
13:54 of 2nd period - Shot Blocked by Pavel Datsyuk.
13:56 of 2nd period - Slapshot by Ryan O'Byrne.
13:56 of 2nd period - Stopped by Cam Ward with a rebound.
14:06 of 2nd period - Pavel Datsyuk is hit by Eric Lindros.
14:24 of 2nd period - Snap shot by Patrick Kane.
14:24 of 2nd period - Stopped by Nikolai Khabibulin without a rebound.
14:25 of 2nd period - Jonathan Toews wins face-off versus Sydney Crosby in Bruins zone.
14:30 of 2nd period - Snap shot by Ilya Kovalchuk.
14:30 of 2nd period - Stopped by Nikolai Khabibulin with a rebound.
14:38 of 2nd period - Wrist shot by Sydney Crosby.
14:38 of 2nd period - Shot Misses the Net.
14:40 of 2nd period - Slapshot by Tom Gilbert.
14:40 of 2nd period - Stopped by Cam Ward with a rebound.
15:00 of 2nd period - Minor Penalty to Tom Gilbert for Hooking.
15:01 of 2nd period - Wojtek Wolski wins face-off versus Tomas Fleischmann in Bruins zone.
15:01 of 2nd period - Wojtek Wolski is hit by Pavel Datsyuk.
15:16 of 2nd period - Slapshot by Patrick Kane.
15:16 of 2nd period - Shot Misses the Net.
16:29 of 2nd period - Patrick Kaleta is hit by Andrei Markov and loses puck.
17:00 of 2nd period - Penalty to Tom Gilbert is over, Tom Gilbert is back on ice.
17:08 of 2nd period - Minor Penalty to Adam Burish for Holding.
17:09 of 2nd period - Sydney Crosby wins face-off versus Peter Regin in Oilers zone.
17:25 of 2nd period - Snap shot by Sydney Crosby.
17:25 of 2nd period - Shot Misses the Net.
17:35 of 2nd period - Steve Begin is hit by Jason Demers and loses puck.
19:08 of 2nd period - Penalty to Adam Burish is over, Adam Burish is back on ice.
19:20 of 2nd period - Jason Demers is hit by Patrick Kaleta and loses puck.
19:48 of 2nd period - Slapshot by Dainius Zubrus.
19:48 of 2nd period - Shot Misses the Net.
Goals for this period are 1 for Bruins vs 1 for Oilers.
Shots for this period are 10 for Bruins vs 19 for Oilers.
3rd period
0:01 of 3rd period - Pavel Datsyuk wins face-off versus Sydney Crosby in neutral zone.
0:21 of 3rd period - Minor Penalty to Sydney Crosby for Goalie Interference.
0:22 of 3rd period - Patrick Kane wins face-off versus Wojtek Wolski in Bruins zone.
0:28 of 3rd period - Snap shot by Pavel Datsyuk.
0:28 of 3rd period - Shot Misses the Net.
0:30 of 3rd period - Snap shot by Patrick Kane.
0:30 of 3rd period - Shot Misses the Net.
0:32 of 3rd period - Slapshot by Christian Ehrhoff.
0:32 of 3rd period - Shot Misses the Net.
0:34 of 3rd period - Snap shot by Patrick Kane.
0:34 of 3rd period - Stopped by Nikolai Khabibulin with a rebound.
0:36 of 3rd period - Snap shot by Patrick Kane.
0:36 of 3rd period - Stopped by Nikolai Khabibulin with a rebound.
0:38 of 3rd period - Slapshot by Christian Ehrhoff.
0:38 of 3rd period - Stopped by Nikolai Khabibulin without a rebound.
0:39 of 3rd period - Wojtek Wolski wins face-off versus Jonathan Toews in Bruins zone.
0:41 of 3rd period - Minor Penalty to Wojtek Wolski for Roughing.
0:42 of 3rd period - Jonathan Toews wins face-off versus Dainius Zubrus in Bruins zone.
2:21 of 3rd period - Penalty to Sydney Crosby is over, Sydney Crosby is back on ice.
2:41 of 3rd period - Penalty to Wojtek Wolski is over, Wojtek Wolski is back on ice.
3:18 of 3rd period - Icing by Steve Begin.
3:19 of 3rd period - Sydney Crosby wins face-off versus Peter Regin in Oilers zone.
3:20 of 3rd period - Snap shot by Wojtek Wolski.
3:20 of 3rd period - Goal by Wojtek Wolski - Bruins : 2 - Oilers : 3.
3:21 of 3rd period - Patrick Kane wins face-off versus Sydney Crosby in neutral zone.
3:31 of 3rd period - Off-side.
3:32 of 3rd period - Pavel Datsyuk wins face-off versus Sydney Crosby in neutral zone.
3:48 of 3rd period - Minor Penalty to Christian Ehrhoff for Hooking.
3:49 of 3rd period - Peter Regin wins face-off versus Sydney Crosby in Oilers zone.
3:49 of 3rd period - Peter Regin is hit by Wojtek Wolski.
4:15 of 3rd period - Scott Niedermayer is hit by Victor Oreskovich and loses puck.
4:44 of 3rd period - Wojtek Wolski is hit by Steve Staios and loses puck.
5:48 of 3rd period - Penalty to Christian Ehrhoff is over, Christian Ehrhoff is back on ice.
7:15 of 3rd period - Icing by Martin Erat.
7:16 of 3rd period - Matt Hendricks wins face-off versus Peter Regin in Bruins zone.
7:16 of 3rd period - Matt Hendricks is hit by Ian White.
7:24 of 3rd period - Slapshot by Ian White.
7:24 of 3rd period - Shot Misses the Net.
7:40 of 3rd period - Victor Oreskovich is hit by Patrick Kane and loses puck.
7:59 of 3rd period - Snap shot by Ilya Kovalchuk.
7:59 of 3rd period - Stopped by Nikolai Khabibulin without a rebound.
8:00 of 3rd period - Jonathan Toews wins face-off versus Sydney Crosby in Bruins zone.
8:32 of 3rd period - Minor Penalty to Pavel Datsyuk for Hooking.
8:33 of 3rd period - Peter Regin wins face-off versus Sydney Crosby in Oilers zone.
8:52 of 3rd period - Off-side.
8:53 of 3rd period - Peter Regin wins face-off versus Dave Bolland in neutral zone.
9:39 of 3rd period - Minor Penalty to Jason Demers for Hooking.
9:40 of 3rd period - Ilya Kovalchuk wins face-off versus Sydney Crosby in Bruins zone.
9:53 of 3rd period - Slapshot by Ilya Kovalchuk.
9:53 of 3rd period - Stopped by Nikolai Khabibulin with a rebound.
10:32 of 3rd period - Penalty to Pavel Datsyuk is over, Pavel Datsyuk is back on ice.
10:47 of 3rd period - Slapshot by Eric Lindros.
10:47 of 3rd period - Stopped by Cam Ward without a rebound.
10:48 of 3rd period - Wojtek Wolski wins face-off versus Pavel Datsyuk in Oilers zone.
11:39 of 3rd period - Penalty to Jason Demers is over, Jason Demers is back on ice.
11:39 of 3rd period - Minor Penalty to Tomas Fleischmann for Holding.
11:40 of 3rd period - Sydney Crosby wins face-off versus Peter Regin in Oilers zone.
11:45 of 3rd period - Wrist shot by Vitali Yachmenev.
11:45 of 3rd period - Deflect By Sydney Crosby.
11:45 of 3rd period - Shot Misses the Net.
11:45 of 3rd period - Puck is out of play.
11:46 of 3rd period - Peter Regin wins face-off versus Sydney Crosby in Oilers zone.
12:09 of 3rd period - Slapshot by Wojtek Wolski.
12:09 of 3rd period - Stopped by Cam Ward with a rebound.
12:11 of 3rd period - Snap shot by Andrei Markov.
12:11 of 3rd period - Stopped by Cam Ward without a rebound.
12:12 of 3rd period - Peter Regin wins face-off versus Dave Bolland in Oilers zone.
13:39 of 3rd period - Penalty to Tomas Fleischmann is over, Tomas Fleischmann is back on ice.
14:01 of 3rd period - Minor Penalty to Andrei Markov for Hooking.
14:02 of 3rd period - Ilya Kovalchuk wins face-off versus Wojtek Wolski in Bruins zone.
14:13 of 3rd period - Snap shot by Ilya Kovalchuk.
14:13 of 3rd period - Shot Misses the Net.
14:15 of 3rd period - Slapshot by Steve Staios.
14:15 of 3rd period - Goal by Steve Staios - Bruins : 2 - Oilers : 4.
14:16 of 3rd period - Sydney Crosby wins face-off versus Pavel Datsyuk in neutral zone.
14:41 of 3rd period - Andrei Markov is hit by Jonathan Toews and loses puck.
15:24 of 3rd period - Vitali Yachmenev is hit by Scott Niedermayer and loses puck.
15:59 of 3rd period - Wrist shot by Patrick Kane.
15:59 of 3rd period - Stopped by Nikolai Khabibulin without a rebound.
16:00 of 3rd period - Eric Lindros wins face-off versus Jonathan Toews in Bruins zone.
16:33 of 3rd period - Slapshot by Adam Burish.
16:33 of 3rd period - Stopped by Nikolai Khabibulin with a rebound.
16:43 of 3rd period - Wrist shot by Scottie Upshall.
16:43 of 3rd period - Stopped by Cam Ward without a rebound.
16:44 of 3rd period - Tomas Fleischmann wins face-off versus Dave Bolland in Oilers zone.
16:44 of 3rd period - Tomas Fleischmann is hit by Dave Bolland.
16:57 of 3rd period - Minor Penalty to Dainius Zubrus for Hooking.
16:58 of 3rd period - Jonathan Toews wins face-off versus Wojtek Wolski in Bruins zone.
16:58 of 3rd period - Snap shot by Ilya Kovalchuk.
16:58 of 3rd period - Shot Misses the Net.
17:42 of 3rd period - Off-side.
17:43 of 3rd period - Jonathan Toews wins face-off versus Wojtek Wolski in neutral zone.
18:42 of 3rd period - Steve Staios is hit by Wojtek Wolski and loses puck.
18:57 of 3rd period - Penalty to Dainius Zubrus is over, Dainius Zubrus is back on ice.
19:06 of 3rd period - Slapshot by Matt Cooke.
19:06 of 3rd period - Shot Misses the Net.
19:08 of 3rd period - Snap shot by Ryan O'Byrne.
19:08 of 3rd period - Stopped by Cam Ward with a rebound.
Goals for this period are 1 for Bruins vs 1 for Oilers.
Shots for this period are 6 for Bruins vs 8 for Oilers.
Output by the SimonT Hockey Simulator (STHS) for François Prévost -- Original Page W3C XHTML 1.0 Valid